 Dungeon Crawl Stone Soup version 0.29.1-1-gd02db6906a (webtiles) character file.

Game seed: 9089195731388133994

72 LabCoat the Trooper (level 4, 0/40 HPs)
             Began as a Hill Orc Fighter on Sept 18, 2022.
             Slain by Terence
             ... wielding a +0 mace
              (6 damage)
             ... on level 2 of the Dungeon.
             The game lasted 00:03:00 (872 turns).

LabCoat the Trooper (Hill Orc Fighter)               Turns: 872, Time: 00:03:01

Health: 0/40       AC:  6    Str: 20    XL:     4   Next: 25%
Magic:  4/4        EV:  9    Int:  8    God:
Gold:   60         SH:  4    Dex: 10    Spells: 3/3 levels left

rFire   . . .      SeeInvis .   a - +0 war axe
rCold   . . .      Faith    .   c - +0 buckler
rNeg    . . .      Spirit   .   b - +0 scale mail
rPois   .          Reflect  .   (no helmet)
rElec   .          Harm     .   (no cloak)
rCorr   .          Rampage  .   (no gloves)
Will    .....                   (no boots)
Stlth   ..........              (no amulet)
HPRegen 0.13/turn               (no ring)
MPRegen 0.09/turn               (no ring)

@: no status effects
A: no striking features
a: no special abilities


You were on level 2 of the Dungeon.
You visited 1 branch of the dungeon, and saw 2 of its levels.

You collected 60 gold pieces.

Inventory:

Hand Weapons
 a - a +0 war axe (weapon)
Armour
 b - a +0 scale mail (worn)
 c - a +0 buckler (worn)


   Skills:
 + Level 4.0 Fighting
 * Level 4.0 Axes
 + Level 0.9 Throwing
 + Level 3.6 Armour
 + Level 3.6 Shields
 + Level 1.0 Evocations


You had 3 spell levels left.
You didn't know any spells.
Your spell library contained the following spells:

 Spells                   Type           Power      Damage    Failure   Level
 Corpse Rot               Necr/Pois/Air  0%         N/A       100%        4
 Dispel Undead            Necr           0%         3d6       100%        4
 Summon Forest            Summ/Tloc      0%         N/A       100%        5
 Summon Mana Viper        Hex/Summ       0%         N/A       100%        5
 Death Channel            Necr           0%         N/A       100%        6
 Summon Cactus Giant      Summ           0%         N/A       100%        6


Dungeon Overview and Level Annotations

Branches:
Dungeon (2/15)

Altars:

Annotations:
D:2 Robin, Terence


Message History

The goblin hits you with a +0 club. The goblin hits you but does no damage.
Robin says, "My goblins will feast on your bones."
Robin hits you but does no damage.
Terence the Incautious comes into view.
He is wielding a +0 mace and carrying a wand of roots (4).
You aren't carrying any scrolls.
You closely miss the goblin. You slash the goblin!
You kill the goblin!
The goblin no longer looks unusually strong.
The goblin hits you but does no damage.
A hobgoblin comes into view.
Robin roars a battlecry!
The goblins go into a battle-frenzy!
You slash the goblin!
You kill the goblin!
You hit the hobgoblin.
You kill the hobgoblin!
The goblin no longer looks unusually strong.
Robin roars a battlecry!
The goblin goes into a battle-frenzy!
Robin throws the goblin at you! The goblin hits you with a +0 dagger.
The goblin hits you but does no damage.
You hit the goblin.
The goblin is heavily wounded.
You slash the goblin!
You kill the goblin!
The goblin closely misses you. You block Robin's attack.
You completely miss the goblin.
The goblin is heavily wounded.
Robin hits you but does no damage. The goblin barely misses you.
Unknown command.
Robin throws the goblin at you! The goblin hits you with a +0 club.
* * * LOW HITPOINT WARNING * * *
Items here: ))) †.
You slash the goblin!
You kill the goblin!
You hit Terence but do no damage. Terence hits you with a +0 mace.
* * * LOW HITPOINT WARNING * * *
It was a potion of cancellation.
You feel magically purged. Terence hits you with a +0 mace.
You die... #..#..# #..#..# gg#

#..#..# g.# ###..#..#
g.# .....#..# g.#
###.†...# ..#
........# ..#
###.###.###########g.#
...............)@@gg.#
###################.?#
..# ..# ... .### .# ##


You could see Terence, Robin, a hobgoblin (strong) and a goblin (strong).

Vanquished Creatures
  Natasha (D:2)
  A dart slug (D:2)
  2 ball pythons (D:1)
  2 endoplasms
  2 giant cockroaches (D:1)
  12 goblins
  5 hobgoblins
  2 jackals (D:1)
  A quokka (D:1)
  5 bats
  A frilled lizard (D:1)
  4 kobolds (D:1)
  3 rats
41 creatures vanquished.

Notes
Turn   | Place    | Note
-------+----------+-------------------------------------------
     0 | D:1      | LabCoat the Hill Orc Fighter began the quest for the Orb.
     0 | D:1      | Reached XP level 1. HP: 19/19 MP: 1/1
   102 | D:1      | Found a faded altar of an unknown god.
   109 | D:1      | Reached XP level 2. HP: 27/27 MP: 2/2
   329 | D:1      | Reached XP level 3. HP: 30/33 MP: 3/3
   663 | D:2      | Noticed Natasha
   672 | D:2      | Killed Natasha
   673 | D:2      | Reached XP level 4. HP: 19/40 MP: 4/4
   852 | D:2      | Noticed Robin
   864 | D:2      | Reached skill level 1 in Evocations
   864 | D:2      | Noticed Terence
   872 | D:2      | Slain by Terence

Illustrated notes

Levels and vault maps discovered:
D:1:      reono_arrival_forest_river, layout_rooms,
          ebering_ecumenical_altar_webs
D:2:      layout_basic, serial_shops, shop, chequers_jeans, uniq_terence,
          uniq_robin, uniq_jessica, uniq_natasha

Skill      XL: |  1  2  3  4 |
---------------+-------------+-----
Axes           | 3 4 |  4.0
Fighting       | 4 |  4.0
Evocations     | 1 |  1.0
Throwing       | |  0.9
Armour         | |  3.6
Shields        | |  3.6

Action                   |  1- 3 |  4- 6 || total
-------------------------+-------+-------++-------
Melee: War axe           |    67 |    15 ||    82
  Use: Scroll            |     3 |       ||     3
       Potion            |     2 |     1 ||     3
Armor: Scale mail        |    37 |    11 ||    48
Dodge: Dodged            |    32 |     5 ||    37
Block: Buckler           |    14 |     3 ||    17
